 Dungeon Crawl Stone Soup version 0.28.0-53-g5a82cb258f (webtiles) character file.

Game seed: 10303145868758092880

119 hawla the Sneak (level 4, -5/24 HPs)
             Began as a Deep Elf Enchanter on June 6, 2022.
             Killed from afar by an orc wizard (8 damage)
             ... with a magic dart
             ... on level 3 of the Dungeon.
             The game lasted 00:10:58 (4413 turns).

hawla the Sneak (Deep Elf Enchanter)                Turns: 4413, Time: 00:10:58

Health: -5/24      AC:  2    Str:  7    XL:     4   Next: 74%
Magic:  11/11      EV: 13    Int: 20    God:
Gold:   110        SH:  0    Dex: 15    Spells: 6/9 levels left

rFire   . . .      SeeInvis .   a - +1 dagger
rCold   . . .      Faith    .   (no shield)
rNeg    . . .      Spirit   .   b - +0 robe
rPois   .          Reflect  .   (no helmet)
rElec   .          Harm     .   (no cloak)
rCorr   .          Rampage  .   (no gloves)
Will    .....                   (no boots)
Stlth   +++.......              (no amulet)
HPRegen 0.08/turn               (no ring)
MPRegen 0.12/turn               (no ring)

@: hasted, very quick
A: no striking features
a: no special abilities


You were on level 3 of the Dungeon.
You visited 1 branch of the dungeon, and saw 3 of its levels.

You collected 110 gold pieces.

Inventory:

Hand Weapons
 a - a +1 dagger (weapon)
Missiles
 l - 9 poisoned darts (quivered)
 n - a throwing net
Armour
 b - a +0 robe (worn)
Jewellery
 i - a ring of wizardry
Scrolls
 c - a scroll of magic mapping {unknown}
 d - a scroll of brand weapon {unknown}
 e - a scroll of enchant weapon {unknown}
 f - 3 scrolls of identify {unknown}
 j - a scroll of summoning {unknown}
 m - a scroll of immolation {unknown}
Potions
 g - 2 potions of brilliance {unknown}
 h - a potion of haste
 k - a potion of degeneration {unknown}


   Skills:
 + Level 0.4 Fighting
 + Level 1.8 Short Blades
 + Level 3.4 Dodging
 + Level 5.0 Stealth
 + Level 3.3 Spellcasting
 + Level 4.9 Hexes


You had 6 spell levels left.
You knew the following spells:

 Your Spells              Type           Power      Damage    Failure   Level
a - Confusing Touch       Hex            23%        N/A       5%          3

Your spell library contained the following spells:

 Spells                   Type           Power      Damage    Failure   Level
 Tukima's Dance           Hex            23%        N/A       5%          3
 Ensorcelled Hibernation  Hex/Ice        26%        N/A       8%          2
 Sting                    Tmut/Pois      12%        1d3       14%         1
 Dazzling Flash           Conj/Hex       26%        N/A       16%         3
 Poisonous Vapours        Pois/Air       6%         N/A       21%         2
 Olgreb's Toxic Radiance  Pois           3%         N/A       80%         4


Dungeon Overview and Level Annotations

Branches:
Dungeon (3/15)

Altars:


Message History

Found 12 gold pieces.
The orc shouts!
You hear a shout! x2
An orc comes into view. It is wielding a +0 mace.
An orc wizard comes into view. It is wielding a +0 dagger.
You hit the orc.
The orc is lightly wounded.
The orc hits you with a +0 club.
The orc wizard casts a spell.
The orc wizard flickers and vanishes!
Deactivating autopickup; reactivate with Ctrl-A.
You hit the orc.
The orc is severely wounded.
The orc barely misses you.
You closely miss the orc.
The orc is severely wounded.
The orc barely misses you.
You hit the orc.
You kill the orc!
Things that are here:
a +0 club; an orc corpse Something hits you but does no damage.
The orc completely misses you.
You hit the orc.
The orc is heavily wounded.
Something hits you. The orc misses you.
You hit the orc.
You kill the orc!
Something hits you. Something hits you. Something hits you but does no damage.
You hear some strange, mumbled words.
A magic dart appears from out of thin air!
The magic dart hits you.
You miss something. Something hits you.
A magic dart appears from out of thin air!
The magic dart hits you.
* * * LOW HITPOINT WARNING * * *
It was a potion of haste.
You feel yourself speed up.
A magic dart appears from out of thin air!
The magic dart hits you!
You die...

##### ##...## ##.....####
######### #..........
........###..........
####......)....###
#.............#..# ##
##.########...#.#.#
##...##)@........####.#.#
.....${..#######.# #.#.#
##...##)## #.# #.#.# ##.
..# ##.## #.#[# .. ...#
###.<.###.#.# ## ###.#
#.........#.# #.#
#.#....#.##.# #.#
#.##.#.#.##.# #.# #
#.#)#.##.#


There were no monsters in sight!

Vanquished Creatures
  5 adders (D:2)
  2 worms (D:2)
  A dart slug (D:1)
  2 orcs (D:3)
  10 endoplasms
  5 giant cockroaches
  5 goblins
  5 hobgoblins
  2 jackals (D:2)
  A quokka (D:1)
  5 ball pythons
  6 bats
  5 kobolds
  6 rats
60 creatures vanquished.

Notes
Turn   | Place    | Note
-------+----------+-------------------------------------------
     0 | D:1      | hawla the Deep Elf Enchanter began the quest for the Orb.
     0 | D:1      | Reached XP level 1. HP: 10/10 MP: 6/6
   352 | D:1      | Reached skill level 4 in Stealth
   352 | D:1      | Reached XP level 2. HP: 12/15 MP: 8/8
  1655 | D:1      | Reached XP level 3. HP: 19/19 MP: 9/9
  1906 | D:1      | Learned a level 3 spell: Confusing Touch
  2998 | D:2      | Reached XP level 4. HP: 23/24 MP: 10/10
  3383 | D:2      | Reached skill level 5 in Stealth
  3540 | D:2      | Found a faded altar of an unknown god.
  4413 | D:3      | Killed from afar by an orc wizard

Illustrated notes

Levels and vault maps discovered:
D:1:      elethiomel_arrival_quiet, layout_basic, hangedman_decor_push,
          skrybe_limestone_x, minmay_pentomino_x2
D:2:      layout_rooms, shapermc_ecumenical_altar_starsandcircs
D:3:      layout_loops_ring

Skill      XL: |  1  2  3  4 |
---------------+-------------+-----
Stealth        | 4 5 |  5.0
Dodging        | 3 |  3.4
Fighting       | |  0.4
Short Blades   | |  1.8
Spellcasting   | |  3.3
Hexes          | |  4.9

Action                   |  1- 3 |  4- 6 || total
-------------------------+-------+-------++-------
Melee: Dagger            |   140 |   118 ||   258
       Punch             |       |     3 ||     3
 Cast: Confusing Touch   |     7 |     6 ||    13
  Use: Potion            |     1 |     1 ||     2
 Stab: Sleeping          |    15 |       ||    15
       Confused          |     3 |     5 ||     8
Armor: Robe              |    25 |    23 ||    48
Dodge: Dodged            |    87 |    67 ||   154
